 Dungeon Crawl Stone Soup version 0.17-a0-1468-gbf503c2 (webtiles) character file.

404490 ololoev the Impaler (level 24, -3/182 HPs)
             Began as a Formicid Skald on June 30, 2015.
             Was the Champion of Fedhas.
             Killed from afar by a war gargoyle (9 damage)
             ... with a spray of metal splinters
             ... on level 4 of the Vaults on July 1, 2015.
             The game lasted 04:43:11 (62707 turns).

ololoev the Impaler (Formicid Skald)               Turns: 62707, Time: 04:43:12

Health: -3/182     AC: 42    Str: 26    XL:     24   Next: 49%
Magic:  30/30      EV: 13    Int: 15    God:    Fedhas [******]
Gold:   5827       SH: 11    Dex: 16    Spells: 6 memorised, 13 levels left

rFire  + + .     SeeInvis +     a - +9 bardiche (chop)
rCold  + + +     Clarity  .     Z - +9 armour of the Dragon King {rPois rF+ rC+ MR+}
rNeg   . . .     SustAt   .     I - +5 buckler of Dithmenos {*Drain +Inv rC++ Dex+2}
rPois  +         Gourm    .     (helmet unavailable)
rElec  +         Spirit   .     U - +2 cloak
rCorr  +         Warding  .     Q - +2 pair of gloves
rMut   .         Stasis   +     c - +2 pair of boots
MR     ++++.                    J - amulet of faith
Stlth  ..........               X - +5 ring of slaying
                                E - ring of Horphin {+Inv MR+ Str+2 SInv}

@: resistant, studying Staves, drained, incredibly resistant to hostile
enchantments, extremely unstealthy
A: permanent stasis, dig shafts and tunnels, four strong arms, antennae 3,
talons 1, poison resistance, strong 1
a: Dig, Shaft Self, Evolution, Sunlight, Growth, Reproduction, Rain, Renounce
Religion, Evoke Invisibility
}: 2/15 runes: barnacled, gossamer


Innate Abilities, Weirdness & Mutations

You are under a permanent stasis effect.
You can dig through walls and to a lower floor.
Your four strong arms can wield two-handed weapons with a shield.
You have a pair of large antennae on your head (SInv).
You have sharp toenails.
Your system is resistant to poisons.
Your muscles are strong. (Str +2)

Inventory:

Hand weapons
 a - a +9 bardiche of chopping (weapon)
 b - the +6 blowgun "Sochyf" {speed, rPois Int+2 SInv}
   (You found it on level 3 of the Spider Nest)

   Attacks with this weapon are significantly faster.
   It affects your intelligence (+2).
   It protects you from poison.
   It lets you see invisible.
Missiles
 S - 15 curare-tipped needles
Armour
 c - a +2 pair of boots (worn)
 I - the +5 buckler of Dithmenos (worn) {*Drain +Inv rC++ Dex+2}
   (You took it off a deep elf annihilator on level 3 of the Elven Halls)

   It affects your dexterity (+2).
   It greatly protects you from cold.
   It lets you turn invisible.
   It causes draining when unequipped.
 Q - a +2 pair of gloves (worn)
 U - a +2 cloak (worn)
 Z - the +9 armour of the Dragon King (worn) {rPois rF+ rC+ MR+}
   (You found it on level 1 of the Lair of Beasts)

   It protects you from fire.
   It protects you from cold.
   It protects you from poison.
   It affects your resistance to hostile enchantments.
Rods
 x - a +2 rod of ignition (12/12)
   (You bought it in a shop in a bazaar)
Jewellery
 q - the ring "Hafasoab" {rElec rC- rN+ Str+3}
   (You took it off a deep elf annihilator on level 3 of the Elven Halls)

   [ring of strength]

   It affects your strength (+3).
   It makes you vulnerable to cold.
   It insulates you from electricity.
   It protects you from negative energy.
 s - an uncursed amulet of resist mutation
 E - the ring of Horphin (left hand) {+Inv MR+ Str+2 SInv}
   (You found it on level 4 of the Lair of Beasts)

   [ring of invisibility]

   It affects your strength (+2).
   It affects your resistance to hostile enchantments.
   It lets you see invisible.
   It lets you turn invisible.
 H - an uncursed ring of wizardry
 J - an amulet of faith (around neck)
 P - an uncursed ring of sustain attributes
 X - a +5 ring of slaying (right hand)
Magical devices
 h - a wand of cold (8)
 k - a wand of cold (7)
 r - a wand of paralysis (8)
 L - a wand of confusion (10)
Scrolls
 e - 14 scrolls of remove curse
 j - 7 scrolls of fear
 n - 3 scrolls of recharging
 p - a scroll of identify
 v - 3 scrolls of fog
 F - a scroll of immolation
Potions
 g - 20 potions of curing
 i - 2 potions of magic
 l - 6 potions of heal wounds
 t - 3 potions of might
 u - 2 potions of cure mutation
 G - 4 potions of cancellation
 K - 4 potions of flight
 N - 2 potions of resistance
 O - 3 potions of ambrosia
Books
 m - a manual of Staves
Miscellaneous
 z - a legendary deck of defence {the Alchemist}
 A - a phial of floods
 D - a legendary deck of summoning {the Crusade, drawn: 1}
 M - a legendary deck of defence {drawn: 2}
 V - a fan of gales
 W - a box of beasts
 Y - a disc of storms
Comestibles
 d - 22 bread rations
 C - 10 beef jerkies
 T - 23 fruits


   Skills:
 + Level 13.5(13.2) Fighting
 * Level 20.6(20.2) Polearms
 - Level 18.0(17.7) Armour
 - Level 13.3(13.0) Dodging
 - Level 8.1(7.8) Shields
 - Level 2.1(1.9) Spellcasting
 + Level 12.0(11.7) Hexes
 + Level 10.5(10.3) Charms
 + Level 8.0(7.7) Necromancy
 - Level 6.0(5.8) Air Magic
 - Level 8.0(7.7) Invocations
 - Level 10.1(9.8) Evocations


You had 13 spell levels left.
You knew the following spells:

 Your Spells              Type           Power        Failure   Level  Hunger
a - Apportation           Tloc           #.........   100%        1    ##.....
c - Spectral Weapon       Hex/Chrm       ####....     14%         3    ####...
d - Repel Missiles        Chrm/Air       ####..       21%         2    ###....
e - Swiftness             Chrm/Air       ####....     21%         2    ###....
f - Passwall              Trmt/Erth      #.........   100%        3    ####...
g - Regeneration          Chrm/Necr      ####......   28%         3    ####...


You were on level 4 of the Vaults.
You worshipped Fedhas.
Fedhas was exalted by your worship.
You were not hungry.

You visited 8 branches of the dungeon, and saw 44 of its levels.
You visited 1 bazaar.
You also visited: Labyrinth, Sewer, Bailey, Ice Cave, Volcano and Wizlab.

You collected 8014 gold pieces.
You spent 2187 gold pieces at shops.

########### ##########
..........# #....[[..#
..........# #......[.#
..........# #..)[).[.#
..........# #.[)@9[[.#
..........# #..[[)...#
..........# #........#
..........####[#########
..........#...[........#
........P.#.....)......#####
.........f#................##
..........'.................#
..........#.............∩...#

Notes
Turn   | Place    | Note
--------------------------------------------------------------
     0 | D:1      | ololoev the Formicid Skald began the quest for the Orb.
     0 | D:1      | Reached XP level 1. HP: 16/16 MP: 3/3
   421 | D:1      | Reached XP level 2. HP: 22/22 MP: 5/5
   431 | D:1      | Learned a level 2 spell: Song of Slaying
   998 | D:1      | Reached XP level 3. HP: 15/27 MP: 3/6
  1335 | D:1      | Learned a level 3 spell: Spectral Weapon
  2013 | D:2      | Reached XP level 4. HP: 29/33 MP: 7/7
  2069 | D:2      | Reached skill level 1 in Hexes
  2107 | D:2      | Found a faded altar to an unknown god.
  2137 | D:2      | Became a worshipper of Fedhas Madash
  2137 | D:2      | Acquired Fedhas's first power
  2543 | D:2      | Found a shadowy altar of Dithmenos.
  2543 | D:2      | Found a radiant altar of Vehumet.
  3058 | D:3      | Acquired Fedhas's second power
  3210 | D:3      | Reached XP level 5. HP: 38/38 MP: 8/8
  3820 | D:4      | Noticed Eustachio
  3875 | D:4      | Killed Eustachio
  3875 | D:4      | Reached skill level 4 in Polearms
  3875 | D:4      | Reached skill level 1 in Evocations
  3875 | D:4      | Reached XP level 6. HP: 28/44 MP: 7/9
  4379 | D:4      | You fall through a shaft for 2 floors!
  4380 | D:6      | Reached skill level 5 in Polearms
  4387 | D:6      | Acquired Fedhas's third power
  4397 | D:6      | Found a white marble altar of Elyvilon.
  4457 | D:6      | Reached XP level 7. HP: 44/50 MP: 8/10
  4469 | D:6      | Found a shattered altar of Ashenzari.
  4728 | D:6      | Found a glowing drain.
  4739 | D:6      | Reached skill level 6 in Polearms
  4772 | Sewer    | Entered a sewer
  5709 | D:7      | Found a glowing golden altar of the Shining One.
  5748 | D:7      | Reached skill level 7 in Polearms
  5748 | D:7      | Reached XP level 8. HP: 25/56 MP: 11/11
  6205 | D:7      | Found a basalt altar of Yredelemnul.
  6428 | D:7      | Reached skill level 8 in Polearms
  6428 | D:7      | Reached skill level 5 in Evocations
  6566 | D:7      | Found a staircase to the Ecumenical Temple.
  7109 | D:8      | Reached XP level 9. HP: 41/61 MP: 11/13
  7119 | D:8      | Acquired Fedhas's fourth power
  7403 | D:8      | Reached skill level 9 in Polearms
  7606 | D:8      | Noticed a troll
  7625 | D:8      | Killed a troll
  7807 | D:9      | Noticed an angel
  7808 | D:9      | Found a glowing silver altar of Zin.
  7998 | D:9      | Found a staircase to the Lair.
  8027 | D:9      | Reached skill level 1 in Shields
  8156 | D:9      | Reached skill level 10 in Polearms
  8297 | D:9      | Noticed a hill giant
  8317 | D:9      | Killed a hill giant
  8427 | D:9      | Reached XP level 10. HP: 46/67 MP: 15/15
  8647 | D:9      | Got a distressingly furry chain mail
  8658 | D:9      | Identified the +1 chain mail of Juomurodgh {MR- Str+4 Int+6} (You found it on level 9 of the Dungeon)
  8673 | D:9      | Noticed a komodo dragon
  8692 | D:9      | Killed a komodo dragon
  8839 | D:10     | Entered Level 10 of the Dungeon
  8874 | D:10     | Noticed Psyche
  8888 | D:10     | Killed Psyche
  8888 | D:10     | Reached skill level 5 in Shields
  9017 | D:10     | Found Viovulos's Gadget Boutique.
  9021 | D:10     | Bought a phial of floods for 480 gold pieces
  9031 | D:10     | Noticed Sonja
  9039 | D:10     | Killed Sonja
  9039 | D:10     | Reached skill level 11 in Polearms
  9283 | D:10     | Noticed Joseph
  9301 | D:10     | Killed Joseph
  9522 | D:10     | Noticed Erica
  9531 | D:10     | Killed Erica
  9958 | D:11     | Found a staircase to the Orcish Mines.
 10028 | D:11     | Reached XP level 11. HP: 72/72 MP: 12/17
 10053 | D:11     | Noticed a cyclops
 10073 | D:11     | Killed a cyclops
 10659 | D:11     | Reached skill level 12 in Polearms
 11272 | D:12     | Acquired Fedhas's fifth power
 11391 | D:12     | Noticed a hill giant
 11398 | D:12     | Killed a hill giant
 11745 | D:12     | Noticed a red ugly thing
 11756 | D:12     | Killed a red ugly thing
 12377 | Lair:1   | Entered Level 1 of the Lair of Beasts
 12828 | Lair:1   | Noticed a six-headed hydra
 12832 | Lair:1   | Noticed Grum
 12842 | Lair:1   | Killed a six-headed hydra
 12843 | Lair:1   | Killed Grum
 12848 | Lair:1   | Reached skill level 13 in Polearms
 13008 | Lair:1   | Reached XP level 12. HP: 53/83 MP: 19/19
 14354 | Lair:2   | Reached skill level 1 in Dodging
 14497 | Lair:2   | Reached skill level 10 in Evocations
 14825 | Lair:2   | Reached skill level 5 in Fighting
 14896 | Lair:2   | Found a shadowy altar of Dithmenos.
 15089 | Lair:3   | Noticed a death yak
 15091 | Lair:3   | Noticed a death yak
 15099 | Lair:3   | Noticed a death yak
 15099 | Lair:3   | Noticed a death yak
 15104 | Lair:3   | Noticed a death yak
 15104 | Lair:3   | Killed a death yak
 15129 | Lair:3   | Killed a death yak
 15134 | Lair:3   | Killed a death yak
 15148 | Lair:3   | Killed a death yak
 15159 | Lair:3   | Killed a death yak
 15181 | Lair:3   | Found a labyrinth entrance.
 15191 | Lab      | Entered a labyrinth
 15440 | Lab      | Noticed a minotaur
 15462 | Lab      | Killed a minotaur
 15462 | Lab      | Reached skill level 5 in Armour
 15479 | Lab      | Identified the Compendium of the Mountains and Changing
 15492 | Lab      | Learned a level 2 spell: Repel Missiles
 15495 | Lab      | Learned a level 2 spell: Swiftness
 15499 | Lab      | Learned a level 3 spell: Passwall
 15785 | Lair:3   | Reached skill level 14 in Polearms
 16088 | Lair:3   | Found a hole to the Spider Nest.
 16453 | Lair:3   | Reached XP level 13. HP: 94/94 MP: 20/20
 16860 | Lair:4   | Noticed Harold
 16885 | Lair:4   | Killed Harold
 18647 | Lair:4   | Got a vibrating lapis lazuli ring
 18649 | Lair:4   | Identified the ring of Horphin {+Inv MR+ Str+2 SInv} (You found it on level 4 of the Lair of Beasts)
 18749 | Lair:4   | Noticed Nergalle
 18779 | Lair:4   | Killed Nergalle
 19079 | Lair:5   | Reached skill level 5 in Dodging
 19593 | Lair:5   | Found a staircase to the Shoals.
 19608 | Lair:5   | Reached skill level 15 in Polearms
 20007 | Lair:5   | Learned a level 3 spell: Regeneration
 20343 | Orc:1    | Entered Level 1 of the Orcish Mines
 20418 | Orc:1    | Found a frozen archway.
 20610 | IceCv    | Entered an ice cave
 22114 | IceCv    | Reached XP level 14. HP: 71/105 MP: 21/21
 22712 | IceCv    | Noticed a frost giant
 22735 | IceCv    | Killed a frost giant
 23576 | Orc:1    | Found Pefestro's Weapon Shop.
 24450 | Orc:3    | Found a dark tunnel.
 24466 | Volcano  | Entered a volcano
 24607 | Volcano  | Found a radiant altar of Vehumet.
 24653 | Volcano  | Reached skill level 16 in Polearms
 25164 | Orc:4    | Entered Level 4 of the Orcish Mines
 25333 | Orc:4    | Noticed Josephine
 25351 | Orc:4    | Killed Josephine
 25398 | Orc:4    | Found Kafol's Antique Weapon Boutique.
 25659 | Orc:4    | Was placed under penance by Fedhas
 25711 | Orc:4    | Was forgiven by Fedhas
 25966 | Orc:4    | Found Oniuf's Armour Shop.
 25966 | Orc:4    | Found Napp's Food Boutique.
 25966 | Orc:4    | Found Ecsi Noa's Antique Armour Boutique.
 25969 | Orc:4    | Found Uskuth's Distillery.
 25977 | Orc:4    | Bought a potion of cure mutation for 490 gold pieces
 25980 | Orc:4    | Bought a +1 cloak for 149 gold pieces
 26108 | Orc:4    | Found a staircase to the Elven Halls.
 26567 | Lair:4   | Reached skill level 1 in Invocations
 26908 | Lair:6   | Found a staircase to the Slime Pits.
 27659 | Lair:7   | Reached XP level 15. HP: 105/115 MP: 22/22
 27958 | Lair:7   | Noticed Rupert
 27978 | Lair:7   | Killed Rupert
 28375 | Lair:8   | Entered Level 8 of the Lair of Beasts
 28529 | Lair:8   | Reached skill level 10 in Fighting
 28838 | Lair:8   | Learned a level 1 spell: Apportation
 29576 | Lair:8   | Reached skill level 17 in Polearms
 29612 | Lair:8   | Got a scorched lapis lazuli ring
 29614 | Lair:8   | Identified the ring of Nelizuh {+Inv rN+} (You found it on level 8 of the Lair of Beasts)
 30147 | D:13     | Reached skill level 10 in Armour
 30369 | D:13     | Found a gate to the Vaults.
 30979 | D:14     | Reached skill level 5 in Invocations
 31084 | D:14     | Found a burning altar of Makhleb.
 31309 | D:14     | Found a flagged portal.
 31323 | Bailey   | Entered a bailey
 32139 | D:14     | Reached XP level 16. HP: 118/123 MP: 23/23
 32374 | D:15     | Entered Level 15 of the Dungeon
 32451 | D:15     | Found a staircase to the Depths.
 32686 | D:15     | Reached skill level 5 in Hexes
 32690 | D:15     | Gained mutation: Your muscles are strong. (Str +2) [mutagenic meat]
 32691 | D:15     | Gained mutation: Your system is resistant to poisons. [mutagenic meat]
 33703 | Spider:1 | Entered Level 1 of the Spider Nest
 34948 | Spider:1 | Reached skill level 5 in Charms
 36138 | Spider:2 | Noticed Arachne
 36211 | Spider:2 | Killed Arachne
 36686 | Spider:2 | Reached XP level 17. HP: 129/129 MP: 24/24
 36843 | Spider:2 | Reached skill level 18 in Polearms
 37243 | Spider:3 | Got a translucent blowgun
 37245 | Spider:3 | Identified the +6 blowgun "Sochyf" {speed, rPois Int+2 SInv} (You found it on level 3 of the Spider Nest)
 37867 | Spider:4 | Entered Level 4 of the Spider Nest
 38231 | Spider:4 | Reached skill level 10 in Dodging
 38231 | Spider:4 | Reached XP level 18. HP: 136/136 MP: 25/25
 38758 | Spider:4 | Was placed under penance by Fedhas
 38761 | Spider:4 | Fell from the grace of Fedhas
 39177 | D:5      | Entered Level 5 of the Dungeon
 39303 | D:2      | Became a worshipper of Fedhas Madash
 39432 | D:4      | Found a blossoming altar of Fedhas.
 39453 | D:4      | Noticed an oklob plant
 39964 | D:5      | Found a burning altar of Makhleb.
 41396 | Spider:4 | Got a gossamer rune of Zot
 41459 | Spider:4 | Reached XP level 19. HP: 142/142 MP: 26/26
 41469 | Spider:4 | Reached skill level 19 in Polearms
 41875 | Elf:1    | Entered Level 1 of the Elven Halls
 43990 | Elf:2    | Found a runed gate.
 44032 | Elf:2    | Found a runed gate.
 44032 | Elf:2    | Found a runed gate.
 45190 | Elf:3    | Entered Level 3 of the Elven Halls
 45231 | Elf:3    | Found Agibeet's Antique Weapon Boutique.
 45239 | Elf:3    | Bought a glowing glaive for 208 gold pieces
 45437 | Elf:3    | Noticed Wiglaf
 45453 | Elf:3    | Fell from the grace of Fedhas
 45457 | Elf:3    | Killed Wiglaf
 45878 | Temple   | Entered the Ecumenical Temple
 46110 | D:4      | Became a worshipper of Fedhas Madash
 47014 | Elf:3    | Reached skill level 20 in Polearms
 47019 | Elf:3    | Upgraded the game from 0.17-a0-1450-g7e755d1 to 0.17-a0-1468-gbf503c2
 47183 | Elf:3    | Got a glittering turquoise ring
 47184 | Elf:3    | Got a steaming buckler
 47197 | Elf:3    | Identified the +5 buckler of Dithmenos {*Drain +Inv rC++ Dex+2} (You took it off a deep elf annihilator on level 3 of the Elven Halls)
 47198 | Elf:3    | Identified the ring "Hafasoab" {rElec rC- rN+ Str+3} (You took it off a deep elf annihilator on level 3 of the Elven Halls)
 47471 | Elf:3    | Got a transparent copper ring
 47473 | Elf:3    | Identified the ring of Rationality {+Inv rF- MR+ Dex+7} (You took it off a deep elf annihilator on level 3 of the Elven Halls)
 47512 | Elf:3    | Reached XP level 20. HP: 148/148 MP: 27/27
 47595 | Elf:3    | Got a crude brass amulet
 47597 | Elf:3    | Got a faintly glowing scale mail
 47599 | Elf:3    | Identified the +6 scale mail of Miracles {rF+ Regen+ Int-3} (You took it off a deep elf blademaster on level 3 of the Elven Halls)
 47601 | Elf:3    | Identified the amulet of the Devil {Stasis *Drain rElec rPois rC+} (You took it off a deep elf annihilator on level 3 of the Elven Halls)
 48214 | Elf:3    | Identified the Catalogue of Confrontation and the Blaze
 48224 | Elf:3    | Identified the Compendium of the Dislocated Entourage
 48269 | Elf:3    | Got a bloodstained lajatang
 48270 | Elf:3    | Identified the +3 lajatang "Nixzown" {elec, Str+4} (You took it off a deep elf death mage on level 3 of the Elven Halls)
 49544 | Shoals:1 | Entered Level 1 of the Shoals
 49877 | Shoals:1 | Reached skill level 15 in Armour
 51360 | Shoals:2 | Reached skill level 1 in Air Magic
 52225 | Shoals:3 | Noticed Polyphemus
 52248 | Shoals:3 | Killed Polyphemus
 52920 | Shoals:4 | Entered Level 4 of the Shoals
 53056 | Shoals:3 | Reached XP level 21. HP: 110/156 MP: 28/28
 53498 | Shoals:4 | Identified a scroll of acquirement
 53874 | Shoals:4 | Got a barnacled rune of Zot
 54216 | Vaults:1 | Entered Level 1 of the Vaults
 54986 | Vaults:1 | Reached skill level 5 in Air Magic
 55862 | Vaults:2 | Got a dazzling buckler
 55863 | Vaults:2 | Identified the +0 buckler of Intercession {rF- Str+3 Slay+2} (You found it on level 2 of the Vaults)
 56043 | Vaults:2 | Noticed Nikola
 56079 | Vaults:2 | Killed Nikola
 56944 | Vaults:2 | Reached skill level 10 in Hexes
 57055 | Vaults:2 | Reached XP level 22. HP: 155/165 MP: 29/29
 57138 | Vaults:2 | Reached skill level 1 in Necromancy
 57255 | Vaults:3 | Found a magical portal.
 57351 | WizLab   | Entered Wucad Mu's Monastery
 57655 | WizLab   | Reached XP level 23. HP: 171/171 MP: 30/30
 57670 | WizLab   | Gained mutation: You have sharp toenails. [potion of beneficial mutation]
 58078 | Vaults:3 | Found a staircase to the Crypt.
 58153 | Vaults:3 | Noticed Jory
 58172 | Vaults:3 | Killed Jory
 58663 | Vaults:3 | Reached skill level 5 in Necromancy
 58921 | Vaults:3 | Noticed Boris
 58941 | Vaults:3 | Killed Boris
 59428 | Vaults:4 | Found Gozag's Antique Weapon Boutique.
 59460 | Vaults:4 | Found an opulent altar of Gozag.
 59466 | Vaults:4 | Found Gozag's Antique Armour Boutique.
 59469 | Vaults:4 | Found Gozag's Antique Armour Shop.
 59721 | Vaults:4 | Found a flickering gateway to a bazaar.
 59730 | Bazaar   | Entered a bazaar
 59974 | Bazaar   | Found Teen's Weapon Boutique.
 59992 | Bazaar   | Found Giriodgh's Gadget Emporium.
 60011 | Bazaar   | Found Amounion's Assorted Antiques.
 60017 | Bazaar   | Bought a scroll of identify for 60 gold pieces
 60029 | Bazaar   | Found Waubeima's Antique Weapon Shoppe.
 60067 | Bazaar   | Bought a +0 rod of ignition (11/11) for 800 gold pieces
 60509 | Vaults:4 | Noticed Saint Roka
 60559 | Vaults:4 | Killed Saint Roka
 60869 | Vaults:4 | Got a heavily runed scale mail
 60870 | Vaults:4 | Identified the +3 scale mail of Charity {rCorr} (You found it on level 4 of the Vaults)
 61193 | Vaults:4 | Reached XP level 24. HP: 180/182 MP: 30/30
 61407 | Vaults:4 | Reached skill level 10 in Charms
 61676 | Vaults:5 | Entered Level 5 of the Vaults
 62706 | Vaults:4 | HP: 6/182 [war gargoyle/morningstar (33)]
 62707 | Vaults:4 | Killed from afar by a war gargoyle

Dungeon Overview and Level Annotations

Branches:
Dungeon (15/15)            Temple (1/1) D:7            Lair (8/8) D:9
 Shoals (4/4) Lair:5       Spider (4/4) Lair:3        Slime (0/6) Lair:6
    Orc (4/4) D:11            Elf (3/3) Orc:4        Vaults (5/5) D:13
  Crypt (0/3) Vaults:3     Depths (0/5) D:15

Altars:
Ashenzari
Cheibriados
Dithmenos
Elyvilon
Fedhas
Gozag
Kikubaaqudgha
Makhleb
Nemelex Xobeh
Okawaru
Qazlal
Ru
Sif Muna
Trog
Vehumet
Xom
Yredelemnul
Zin
The Shining One

Shops:
D:10 }   Orc:1 (   Orc:4 [![%(   Elf:3 (   Vaults:4 [([


Message History

The deep elf knight barely misses you.
The deep elf conjurer completely misses you.
The war gargoyle hits you with a morningstar!
The deep elf knight barely misses you.
You slice the deep elf conjurer!!
You kill the deep elf conjurer!
The war gargoyle launches metal splinters at you.
The spray of metal splinters hits you!
The deep elf knight gestures at you while chanting.
The stone arrow misses you.
Press: ? - help, v - describe, . - travel, g - get item
Here: a deep elf knight, wielding a scimitar and wearing a chain mail (lightly wounded, fast, shrouded)
A chain mail.
There is something else lying underneath.
The floor, spattered with blood.
You slice the deep elf knight!!
The deep elf knight's shroud falls apart!
The deep elf knight is heavily wounded.
The war gargoyle hits you with a morningstar!
The deep elf knight misses you.
The war gargoyle hits you with a morningstar.
You slash the deep elf knight!
The deep elf knight is severely wounded.
You block the deep elf knight's attack.
The war gargoyle hits you with a morningstar.
You slash the deep elf knight!
You kill the deep elf knight!
You block the war gargoyle's attack.
You hit the war gargoyle but do no damage.
The war gargoyle is lightly damaged.
You block the war gargoyle's attack.
You barely miss the war gargoyle.
The war gargoyle is lightly damaged.
The war gargoyle hits you with a morningstar!!
You slice the war gargoyle!!
The war gargoyle is heavily damaged.
The war gargoyle launches metal splinters at you.
The spray of metal splinters hits you!
You die...
Fedhas appreciates your contribution to the ecosystem.

You could see a war gargoyle.

Vanquished Creatures
  Boris (Vaults:3)
  Saint Roka (Vaults:4)
  Jory (Vaults:3)
  A bone dragon (Vaults:3)
  Arachne (Spider:2)
  A lich (Vaults:4)
  3 tentacled monstrosities
  3 deep elf blademasters (Elf:3)
  A kraken (Shoals:2)
  A sphinx (Vaults:2)
  2 fire giants
  Wiglaf (Elf:3)
  8 vault wardens
  A frost giant (IceCv)
  6 deep elf sorcerers
  4 ghost moths (Spider:4)
  6 emperor scorpions (Spider:4)
  11 ironheart preservers
  3 very ugly things
  5 stone giants
  5 deep elf demonologists (Elf:3)
  13 deep elf annihilators (Elf:3)
  A salamander stormcaller (Vaults:2)
  4 deep elf death magi (Elf:3)
  26 vault guards
  5 merfolk javelineers (Shoals:4)
  A deep elf high priest (Elf:3)
  An orange crystal statue (WizLab)
  5 merfolk impalers
  13 yaktaur captains
  2 great orbs of eyes
  A minotaur (Lab)
  A fire dragon (Vaults:4)
  Harold (Lair:4)
  3 hydras
  A catoblepas (Lair:8)
  3 entropy weavers
  Erica (D:10)
  6 centaur warriors
  2 merfolk avatars (Shoals:1)
  A satyr (Shoals:4)
  13 ogre magi
  14 dancing weapons
  10 death yaks
  3 merfolk aquamancers
  A rakshasa (D:15)
  A deep troll shaman (Lair:8)
  An orc high priest (Orc:4)
  23 deep elf knights
  Nergalle (Lair:4)
  2 shadow wraiths
  4 skeletal warriors (D:15)
  4 deep trolls
  3 unseen horrors
  5 sea snakes
  A fire crab (shapeshifter) (Vaults:2)
  24 harpies
  2 necromancers (Vaults:3)
  3 deep elf summoners
  2 ice statues
  2 giant orange brains (Vaults:1)
  5 hill giants
  2 lindwurms
  20 deep elf conjurers
  8 fauns (Shoals:3)
  13 orc knights
  5 hornets
  10 ironbrand convokers
  A griffon (shapeshifter) (Vaults:5)
  8 griffons
  4 cyclopes
  9 manticores
  26 wolf spiders
  21 ugly things
  A sphinx skeleton (Vaults:3)
  12 orb spiders
  2 water nymphs
  6 orc sorcerers
  An elephant (shapeshifter) (Vaults:2)
  A moth of wrath (shapeshifter) (Vaults:1)
  A guardian serpent (shapeshifter) (Vaults:2)
  An octopode (shapeshifter) (D:14)
  3 black mambas
  9 sirens
  11 elephants
  11 vault sentinels
  3 moths of wrath
  A spiny frog (shapeshifter) (Vaults:2)
  Psyche (D:10)
  A torpor snail (Spider:1)
  11 spiny frogs
  An efreet (D:14)
  9 komodo dragons
  27 yaktaurs
  9 demonic crawlers
  5 kobold demonologists
  17 merfolk
  15 deep elf priests
  7 freezing wraiths
  24 jumping spiders
  23 two-headed ogres
  15 polar bears
  4 snapping turtles
  5 wind drakes
  5 boulder beetles
  A harpy skeleton (D:15)
  A troll (D:8)
  A shadow dragon simulacrum (Vaults:3)
  A wind drake (shapeshifter) (Vaults:4)
  A blink frog (Lair:1)
  A raiju (shapeshifter) (Vaults:4)
  2 slime creatures (D:14)
  33 deep elf fighters
  30 trapdoor spiders
  49 redbacks
  6 water elementals
  A wyvern (D:13)
  A human (shapeshifter) (D:15)
  A hungry ghost (D:13)
  A trapdoor spider (shapeshifter) (Vaults:1)
  18 deep elf magi
  29 tarantellas
  6 vampire mosquitoes
  2 wraiths (Orc:4)
  11 fire bats (Volcano)
  15 hippogriffs
  35 yaks
  Grum (Lair:1)
  5 wargs
  A steam dragon (D:12)
  5 basilisks
  13 swamp worms (Spider:1)
  A soldier ant (shapeshifter) (Vaults:3)
  A soldier ant (D:13)
  26 wolves
  11 porcupines
  14 water moccasins
  29 spiders
  7 wandering mushrooms
  2 ice beasts (D:8)
  3 sky beasts
  2 boggarts (Vaults:1)
  A sky beast (shapeshifter) (Vaults:2)
  A black bear (D:12)
  35 ogres
  37 centaurs
  2 eyes of draining
  A crocodile (shapeshifter) (D:13)
  28 orc warriors
  18 crocodiles
  8 big kobolds
  An ogre simulacrum (Vaults:1)
  18 giant frogs
  A wyvern skeleton (D:15)
  4 scorpions
  4 wights (D:14)
  A gnoll sergeant (D:13)
  3 killer bees (D:11)
  A giant frog zombie (D:5)
  7 electric eels
  23 orc wizards
  2 lava snakes (Volcano)
  5 crimson imps
  7 centaur skeletons
  A hound (D:9)
  11 iguanas
  11 worker ants
  13 human skeletons
  3 giant frog skeletons
  20 orc priests
  29 sheep
  11 adders
  10 gnolls
  106 river rats
  A shadow imp (D:5)
  8 white imps (Orc:1)
  An ooze (D:2)
  An adder skeleton (D:5)
  9 worms
  7 giant geckos
  186 orcs
  3 bat skeletons
  2 giant cockroaches (D:3)
  27 goblins
  24 hobgoblins
  6 jackals
  27 kobolds
  3 ball pythons
  19 bats
  7 giant newts
  7 quokkas
  A quokka zombie (D:9)
  38 rats
  5 ballistomycetes
  A giant spore (D:15)
  2 hyperactive ballistomycetes
  4 tentacles (Shoals:2)
  5 toadstools
1834 creatures vanquished.

Vanquished Creatures (collateral kills)
  Rupert (Lair:7)
  Polyphemus (Shoals:3)
  A vault warden (Vaults:3)
  2 merfolk impalers (Shoals:3)
  Josephine (Orc:4)
  A catoblepas (Shoals:3)
  A centaur warrior (D:15)
  3 death yaks
  A satyr (Shoals:3)
  A dancing weapon (Elf:2)
  Sonja (D:10)
  A hill giant (D:12)
  An orc sorcerer (Orc:4)
  A faun (Shoals:3)
  5 wolf spiders
  A griffon (Shoals:3)
  A water nymph (Shoals:3)
  A manticore (Shoals:3)
  A hornet (Spider:2)
  4 elephants
  A cyclops (D:15)
  Joseph (D:10)
  2 black mambas
  A komodo dragon (Lair:4)
  2 spiny frogs (Lair:5)
  A freezing wraith (Vaults:4)
  A demonic crawler (Spider:4)
  5 jumping spiders
  2 merfolk (Shoals:3)
  4 polar bears (IceCv)
  A wind drake (Shoals:3)
  8 blink frogs (Lair:1)
  2 slime creatures (D:14)
  A deep elf mage (D:10)
  7 tarantellas
  3 trapdoor spiders
  13 redbacks
  3 wraiths (Orc:4)
  2 fire bats (Volcano)
  Eustachio (D:4)
  22 yaks
  2 hippogriffs
  10 wolves
  2 ice beasts
  A porcupine (Lair:1)
  A black bear (D:12)
  7 orc warriors
  An eye of draining (D:14)
  7 spiders
  A phantom (D:7)
  3 crocodiles
  4 ogres
  2 centaurs
  2 big kobolds (D:12)
  2 giant frogs
  3 hounds
  2 electric eels
  15 wandering mushrooms
  7 crimson imps
  3 jellies
  6 orc priests
  2 centaur skeletons
  10 orc wizards
  3 worker ants
  An iguana (D:10)
  2 sheep (Lair:8)
  A hound zombie (D:10)
  5 gnolls
  12 river rats
  3 adders
  4 white imps (Orc:1)
  An adder skeleton (D:9)
  30 orcs
  A bat skeleton (D:6)
  2 giant cockroaches (D:7)
  A goblin (Orc:2)
  2 jackals
  2 bats
  6 kobolds
  2 rats (D:8)
  5 giant spores
  4 toadstools (Spider:2)
293 creatures vanquished.

Vanquished Creatures (others)
  Nikola (Vaults:2)
  2 oklob plants
  2 deep elf high priests
  An orc knight (Bailey)
  An ironbrand convoker (Vaults:2)
  A deep elf conjurer (Elf:1)
  A two-headed ogre (Vaults:2)
  A deep elf priest (Vaults:3)
  110 wandering mushrooms
  A porcupine (Lair:7)
  2 necrophages
  2 orc warriors
  2 ogres
  2 orc priests (Orc:4)
  An orc wizard (Orc:4)
  A sheep (Lair:8)
  2 orcs
  2 kobolds
  12 fungi
  3 giant spores
  7 hyperactive ballistomycetes
  11 plants
  16 tentacles (Shoals:2)
  625 tentacle segments (Shoals:2)
  1970 toadstools
2779 creatures vanquished.

Grand Total: 4906 creatures vanquished

Action                   |  1- 3 |  4- 6 |  7- 9 | 10-12 | 13-15 | 16-18 | 19-21 | 22-24 || total
-------------------------+-------+-------+-------+-------+-------+-------+-------+-------++-------
Melee: Spear             |   183 |   365 |   225 |       |       |       |       |       ||   773
       Halberd           |       |       |   166 |   801 |   605 |       |       |       ||  1572
       Glaive            |       |       |       |       |  1370 |  1124 |  1911 |   546 ||  4951
       Bardiche          |       |       |       |       |       |       |       |   357 ||   357
 Fire: Blowgun           |       |       |     2 |     7 |     6 |     2 |       |       ||    17
Throw: Javelin           |       |     6 |     1 |       |       |       |       |       ||     7
 Cast: Song of Slaying   |     4 |       |       |       |       |       |       |       ||     4
       Infusion          |     3 |       |       |       |       |       |       |       ||     3
       Repel Missiles    |       |       |       |       |       |       |     2 |     2 ||     4
       Regeneration      |       |       |       |       |       |       |       |     4 ||     4
Invok: Evolution         |       |     7 |     7 |    27 |    92 |    44 |    14 |     4 ||   195
       Reproduction      |       |       |       |       |     5 |     3 |       |       ||     8
       Rain              |       |       |       |       |       |       |       |     1 ||     1
 Abil: Dig               |     3 |     3 |     4 |     1 |    20 |     3 |    24 |       ||    58
       Evoke Invisibilit |       |       |       |     1 |     1 |       |       |       ||     2
Evoke: Wand              |       |     1 |     8 |     6 |    29 |    11 |     9 |       ||    64
       Phial of floods   |       |       |       |     2 |       |     1 |     1 |     1 ||     5
       Fan of gales      |       |       |       |       |       |       |     1 |       ||     1
       Deck              |       |       |       |       |       |       |       |     3 ||     3
       Rod               |       |       |       |       |       |       |       |     2 ||     2
       Disc of storms    |       |       |       |       |       |       |       |     2 ||     2
  Use: Potion            |     1 |       |       |     2 |     4 |     3 |     8 |     6 ||    24
       Scroll            |       |     7 |     5 |    13 |    14 |    10 |     9 |    20 ||    78
 Stab: Confused          |       |       |     1 |    10 |    21 |    13 |       |       ||    45
       Distracted        |       |       |       |     2 |     3 |     6 |     5 |     1 ||    17
       Invisible         |       |       |       |     3 |       |       |       |       ||     3
       Paralysed         |       |       |       |       |     5 |       |       |       ||     5
       Petrified         |       |       |       |       |     1 |       |       |       ||     1
  Eat: Chunk             |     3 |    10 |     2 |    22 |    19 |     8 |    12 |     2 ||    78
       Meat ration       |       |       |     2 |       |     7 |     2 |     5 |     2 ||    18
       Pizza             |       |       |       |     2 |     2 |     3 |     2 |       ||     9
       Royal jelly       |       |       |       |     1 |     3 |       |       |       ||     4
       Bread ration      |       |       |       |       |       |     3 |     3 |     2 ||     8
       Fruit             |       |       |       |       |       |       |     1 |       ||     1
       Beef jerky        |       |       |       |       |       |       |       |     1 ||     1

Vault maps used:
D:1:      ncdulo_smallfort
D:2:      gammafunk_temple_overflow_wave, ecumenical_altar_1,
          minmay_misc_feat_ornament
D:3:      first_bread, minmay_rat_hole
D:4:      tgw_fedhas, minmay_item_behind_shaft, uniq_eustachio
D:5:      kennysheep_little_box
D:6:      elyvilon_altar_4, portal_sewer_entry_d, minivault_11,
          mrwooster_statue_mirror, evilmike_ruin_ashenzari
D:7:      overflow_temple_1_default, minmay_temple_entry_overgrown,
          roderic_bali_sauvastika, grunt_ogre_cave, hangedman_decor_push,
          tso_metal_star
D:9:      zin_angel, lair_0_dummy, minmay_diamond_spiral
D:10:     serial_shops, shop, uniq_psyche, uniq_erica, uniq_joseph, uniq_sonja
D:11:     orc_0_dummy, hangedman_abyss_or_decor_passed
D:12:     amethyst_killhole, minmay_unpleasant_kobolds
D:13:     erik_vaults_1
D:14:     wad_lake_hut, enter_bailey_7, basic_altar
D:15:     grunt_enter_depths_snipers
Temple:   circular_temple_12
Lair:1:   uniq_grum
Lair:2:   basic_altar
Lair:3:   spider_nest_entry_funnel_web, lab_entry_generic,
          infiniplex_staircase_pool_2
Lair:4:   lemuel_fruit_tree, uniq_nergalle, uniq_harold
Lair:5:   minmay_shoals_entry_beasts, beast_lair_carwin_1
Lair:6:   minmay_slime_entry_oklob_enclosed, beast_lair_carwin_6
Lair:7:   infiniplex_staircase_pool, uniq_rupert
Lair:8:   grunt_lair_end_beastmaster, serial_bayou_shore_a, lemuel_fruit_fields,
          serial_bayou_shore_b
Shoals:3: nicolae_shoals_island_circles, uniq_polyphemus
Shoals:4: shoals_end_simple, shoal_ilsuiw
Spider:1: worms_lemuel
Spider:2: nicolae_arachne_temple
Spider:4: grunt_spider_rune_circles
Orc:1:    portal_ice_cave_entry_imps, serial_shops, shop
Orc:3:    nicolae_volcano_entry_vermiform, nicolae_orc_pool_cavern
Orc:4:    st_orc_mages, serial_shops, shop, uniq_josephine
Elf:1:    elf_arrival_001, serial_sigils, serial_sigils_hangedman_stare,
          serial_sigils_hangedman_gnaw, serial_sigils_hangedman_clutch,
          serial_sigils_hangedman_shear, patterned_corridor
Elf:3:    minmay_elf_hall_quartered_circle, serial_shops, shop_statue,
          uniq_wiglaf
Vaults:1: vaults_room_grunt_arrival_ludios, vaults_room_boxed,
          nicolae_vaults_puzzle_piece, nicolae_vaults_circle_grid_b, v_misc_14,
          v_misc_23, vaults_standard_mumra_lines, hangedman_vaults_cutoff,
          v_alt_pattern_1, vaults_room_corners, ontoclasm_vaults_ring_large,
          vaults_dpeg_diagonal, nicolae_vaults_statue_guard,
          ontoclasm_vaults_loading_screen, nicolae_vaults_little_squares_3
Vaults:2: st_squares, ontoclasm_vaults_misaligned, v_alt_pattern_6,
          dpeg_vaults_monster_row, vaults_room_door_hall,
          ontoclasm_vaults_tryst, v_misc_13, uniq_nikola
Vaults:3: nicolae_vaults_yaktaur_gun_rack, v_misc_24, v_alt_pattern_5,
          minmay_crypt_entry_nasty_monster, nicolae_vaults_murderbox,
          nicolae_vaults_mini_display_case, nicolae_vaults_shelves_hall,
          infiniplex_enter_wizlab_water, uniq_boris, uniq_jory
Vaults:4: v_pattern_3, ontoclasm_vaults_spin, vaults_room_pool, v_misc_18,
          kennysheep_vaults_gozag_temple, vaults_mumra_hex,
          nicolae_vaults_ninety_degrees, v_alt_pattern_6,
          nicolae_vaults_circle_grid_b, grunt_vaults_diagonal, serial_shops,
          bzr_entry_customers, uniq_saint_roka
Vaults:5: serial_shops
Lab:      nicolae_lab_dead_adventurers
Bazaar:   bazaar_jpeg_circle_common
Sewer:    sewer_the_crocodile
Bailey:   bailey_polearm_5, bailey
IceCv:    ice_cave_caverns_02
Volcano:  volcano_grotto
WizLab:   wizlab_wucad
